 Dungeon Crawl Stone Soup version 0.23.2-1-ga50397a (webtiles) character file.

Game seed: 4412002759787865385

319 MalarOregon the Shield-Bearer (level 6, -1/51 HPs)
             Began as a Ghoul Fighter on May 26, 2019.
             Slain by a phantom (3 damage)
             ... on level 4 of the Dungeon.
             The game lasted 00:05:05 (2734 turns).

MalarOregon the Shield-Bearer (Ghoul Fighter)       Turns: 2734, Time: 00:05:06

Health: -1/51      AC: 12    Str: 24 (25) XL:     6   Next: 46%
Magic:  5/5        EV:  4    Int:  4 (5)  God:
Gold:   193        SH:  9    Dex:  7 (8)  Spells: 5/5 levels left

rFire    . . .     SeeInvis .   a - +0 long sword
rCold    + . .     Gourm    .   c - +0 shield
rNeg     + + +     Faith    .   h - +0 plate armour
rPois    ∞         Spirit   .   p - +0 helmet
rElec    .         Reflect  .   (no cloak)
rCorr    .         Harm     .   (no gloves)
MR       .....                  (no boots)
Stlth    ..........             f - amulet of the acrobat
HPRegen  0.00/turn              (no ring)
MPRegen  0.09/turn              (no ring)

@: mighty, flying, rotting, hasted, very quick
A: rotting body, claws 1, carnivore, cold resistance 1, negative energy
resistance 3, inhibited regeneration, torment resistance, unbreathing
a: no special abilities


You were on level 4 of the Dungeon.
You were not hungry.

You visited 1 branch of the dungeon, and saw 4 of its levels.

You collected 193 gold pieces.

Inventory:

Hand Weapons
 a - a +0 long sword (weapon)
Armour
 c - a +0 shield (worn)
 h - a +0 plate armour (worn)
   (You found it on level 1 of the Dungeon)
 p - a +0 helmet (worn)
   (You took it off Robin on level 2 of the Dungeon)
Jewellery
 f - an amulet of the acrobat (around neck)
   (You found it on level 1 of the Dungeon)
Scrolls
 b - a scroll of teleportation {unknown}
 i - 3 scrolls of remove curse {unknown}
 m - 4 scrolls of identify {unknown}
 n - a scroll of magic mapping {unknown}
 o - a scroll of blinking {unknown}
Potions
 j - a potion of haste {@q3}
 k - a potion of flight
Comestibles
 e - 5 rations {!d}


   Skills:
 - Level 3.2 Fighting
 + Level 4.4 Long Blades
 - Level 2.6 Armour
 + Level 4.9 Shields


You had 5 spell levels left.
You didn't know any spells.
Your spell library was empty.

Dungeon Overview and Level Annotations

Branches:
Dungeon (4/15)
 Temple: D:4-7

Altars:


Innate Abilities, Weirdness & Mutations

Your body is rotting away.
You thrive on raw meat.
You are immune to poison.
You have sharp fingernails.
You are carnivorous and can eat meat at any time.
Your flesh is cold resistant. (rC+)
You are immune to negative energy. (rN+++)
You do not regenerate when monsters are visible.
You are immune to unholy pain and torment.
You can survive without breathing.


Message History

The phantom hits you but does no damage.
The phantom hits you.
* * * LOW HITPOINT WARNING * * *
You closely miss the phantom.
The phantom hits you but does no damage.
You slash the phantom! You block the phantom's attack.
The phantom barely misses you.
The phantom blinks!
The phantom blinks!
The phantom closely misses you.
The phantom blinks!
The phantom closely misses you. The phantom hits you.
* * * LOW HITPOINT WARNING * * *
You block the phantom's attack. You block the phantom's attack.
The phantom hits you.
* * * LOW HITPOINT WARNING * * *
You closely miss the phantom.
The phantom hits you but does no damage.
Unknown command.
You aren't carrying any items that you can evoke.
It was a potion of brilliance.
You feel clever all of a sudden.
The phantom hits you but does no damage.
It was a potion of magic.
Magic courses through your body.
The phantom blinks!
It was a potion of cancellation.
Your magical effects are unravelling.
You feel magically purged.
You feel a little less clever now.
It was a potion of mutation.
You feel extremely strange.
Your body decomposes!
You feel weakened.
Your body decomposes!
You feel clumsy.
Your body decomposes!
You feel dopey.
The phantom blinks!
It was a potion of lignification.
You feel woody for a moment.
It was a potion of flight.
You feel very buoyant.
You fly up into the air.
It was a potion of haste.
You feel yourself speed up. The phantom hits you.
* * * LOW HITPOINT WARNING * * *
You feel very mighty all of a sudden.
You hear the slow rusting of a distant drain.
Your shield and plate armour prevent you from hitting the phantom.
The phantom hits you but does no damage.
You closely miss the phantom. The phantom hits you.
You die...

....#...####.##...##...
...........#......+....
.....>....>#......#....
...........#†.....#....
...........'......#....
.####.....##...##.##..#
####.....###+###.##..#
#.............# ......
#....@W.......# ....
#..(..<.......# ..
##.......##.<.#
#.######## #### #. #


You could see a phantom.

Vanquished Creatures
  A black bear (D:3)
  An orc wizard (D:3)
  Robin (D:2)
  3 gnolls (D:3)
  8 adders
  An ooze (D:1)
  A worm (D:3)
  A dart slug (D:2)
  2 leopard geckos (D:3)
  9 orcs (D:3)
  5 bats
  5 giant cockroaches
  13 goblins
  5 hobgoblins
  4 jackals (D:1)
  5 kobolds
  2 quokkas
  2 frilled lizards
  4 rats (D:3)
73 creatures vanquished.

Notes
Turn   | Place    | Note
-------+----------+-------------------------------------------
     0 | D:1      | MalarOregon the Ghoul Fighter began the quest for the Orb.
     0 | D:1      | Reached XP level 1. HP: 19/19 MP: 0/0
    58 | D:1      | Reached XP level 2. HP: 21/26 MP: 1/1
   979 | D:2      | Reached XP level 3. HP: 31/31 MP: 2/2
  1156 | D:2      | Noticed Robin
  1267 | D:2      | Killed Robin
  1267 | D:2      | Reached XP level 4. HP: 34/38 MP: 3/3
  1284 | D:2      | Found a faded altar of an unknown god.
  1773 | D:3      | Noticed a black bear
  1809 | D:3      | Reached XP level 5. HP: 37/45 MP: 4/4
  1818 | D:3      | Killed a black bear
  1877 | D:3      | Reached XP level 6. HP: 33/51 MP: 5/5
  2548 | D:4      | Noticed a phantom
  2625 | D:3      | HP: 1/51 [ogre/+0 giant spiked club (17)]
  2731 | D:4      | HP: 2/51 [phantom (1)]
  2734 | D:4      | Slain by a phantom

Skill      XL: |  1  2  3  4  5 |
---------------+----------------+-----
Long Blades    | 2 3 4 |  4.4
Shields        | 3 4 |  4.9
Fighting       | |  3.2
Armour         | |  2.6

Action                   |  1- 3 |  4- 6 || total
-------------------------+-------+-------++-------
Melee: Long sword        |   164 |   211 ||   375
  Use: Potion            |       |     8 ||     8
  Eat: Chunk             |     5 |    17 ||    22
Armor: Scale mail        |    29 |       ||    29
       Plate armour      |   103 |   166 ||   269
Dodge: Dodged            |    50 |    54 ||   104
Block: Shield            |   112 |   160 ||   272
       Rpst.: Long sword |    14 |    11 ||    25
